 Dungeon Crawl Stone Soup version 0.23.2 (webtiles) character file.

Game seed: 7382883090842665910

30398 Fang the Fighter (level 13, -2/130 HPs)
             Began as a Gargoyle Berserker on Apr 1, 2019.
             Was a High Priest of Trog.
             Slain by a spiny frog (9 damage)
             ... on level 6 of the Lair of Beasts.
             The game lasted 00:15:47 (15223 turns).

Fang the Fighter (Gargoyle Berserker)              Turns: 15223, Time: 00:15:47

Health: -2/130     AC: 23    Str: 32    XL:     13   Next: 51%
Magic:  0/4        EV: 13    Int:  7    God:    Trog [*****.]
Gold:   776        SH:  0    Dex:  9    Spells: 12/12 levels left

rFire    + . .     SeeInvis +   a - +6 war axe "Gargoyle's Regret" {antimagic, MR+}
rCold    . . .     Gourm    .   (no shield)
rNeg     + . .     Faith    .   K - +1 chain mail of a ziggurat {rF+}
rPois    ∞         Spirit   +   (no helmet)
rElec    +         Reflect  .   D - scarf {cloud immunity}
rCorr    +         Harm     .   (no gloves)
MR       +....                  (no boots)
Stlth    ..........             p - amulet of guardian spirit
HPRegen  0.31/turn              i - ring of resist corrosion
MPRegen  0.09/turn              F - ring of see invisible

@: berserking (expiring), very quick
A: negative energy resistance 1, electricity resistance, unbreathing,
petrification resistance, rot immunity, AC +9
a: Berserk, Trog's Hand, Brothers in Arms, Renounce Religion


You were on level 6 of the Lair of Beasts.
You worshipped Trog.
Trog was extremely pleased with you.
You were very hungry.

You visited 3 branches of the dungeon, and saw 17 of its levels.

You collected 776 gold pieces.

Inventory:

Hand Weapons
 a - the +6 war axe "Gargoyle's Regret" (weapon) {antimagic, MR+}
   (You found it on level 4 of the Dungeon)

   It reduces the magical energy of the wielder, and disrupts the spells and
   magical abilities of those hit.
   Natural abilities and divine invocations are not affected.
   It affects your resistance to hostile enchantments.
 g - a +2 hand axe of venom
 m - a +3 hand axe of flaming
 n - a +1 war axe
 q - a +1 hand axe of chopping
 H - a +3 antimagic broad axe
Armour
 o - a +4 plate armour
 u - a +2 cloak
 x - the +4 ring mail of the Wumpus {rF- Dex+3 Stlth+}
   (You found it on level 9 of the Dungeon)

   It affects your dexterity (+3).
   It makes you vulnerable to fire.
   It makes you more stealthy.
 D - a scarf of cloud immunity (worn)
 K - the +1 chain mail of a ziggurat (worn) {rF+}
   (You found it on level 4 of the Lair of Beasts)

   It protects you from fire.
Jewellery
 i - a ring of resist corrosion (left hand)
 p - an amulet of guardian spirit (around neck)
 v - an uncursed ring of stealth
 F - a ring of see invisible (right hand)
 I - an uncursed ring of ice
Wands
 e - a wand of paralysis (17)
 f - a wand of disintegration (14)
 A - a wand of polymorph (14)
 B - a wand of iceblast (10)
Scrolls
 d - 12 scrolls of remove curse
 r - 2 scrolls of fear
 y - 3 scrolls of teleportation
 L - a scroll of identify
Potions
 b - 2 potions of might
 h - a potion of flight
 j - 2 potions of agility
 k - 3 potions of cancellation
 l - 2 potions of mutation
 s - 3 potions of magic
 t - a potion of brilliance
 w - a potion of ambrosia
 z - 2 potions of haste
 C - 3 potions of curing
 E - 4 potions of heal wounds
 G - a potion of invisibility
Comestibles
 c - 28 rations
 J - 3 chunks of flesh


   Skills:
 + Level 12.6 Fighting
 + Level 10.8 Axes
 + Level 12.4 Armour
 + Level 9.8 Dodging


You had 12 spell levels left.
You didn't know any spells.
Your spell library was empty.

Dungeon Overview and Level Annotations

Branches:
Dungeon (10/15)            Temple (1/1) D:5            Lair (6/6) D:9
  Swamp (0/4) Lair:2       Spider (0/4) Lair:3        Slime (0/5) Lair:5
    Orc (0/2) D:9

Altars:
Ashenzari
Dithmenos
Gozag
Kikubaaqudgha
Makhleb
Nemelex Xobeh
Okawaru
Qazlal
Ru
Trog
Vehumet
Wu Jian
Xom
The Shining One
Beogh
Jiyva

Shops:
D:10 :

Annotations:
Lair:1 3 runed translucent doors, karlwayne's ghost, journeyman MiGl
Lair:2 exclusion: oklob plant
Lair:5 exclusion: 4 oklob plants


Innate Abilities, Weirdness & Mutations

You are resistant to torment.
Your stone body is resilient. (AC +9)
You are immune to poison.
You resist negative energy. (rN+)
You are resistant to electric shocks. (rElec)
You can survive without breathing.
You are immune to petrification.
You are immune to rotting.


Message History

The spiny frog stings you but does no damage.
Snorg closely misses you. Snorg claws you but does no damage. Snorg claws you!
* * * LOW HITPOINT WARNING * * *
Your chain mail of a ziggurat prevents you from hitting Snorg.
Snorg is almost dead.
You hit the spiny frog. The spiny frog barely misses you.
Snorg barely misses you. Snorg claws you but does no damage.
Snorg barely misses you.
Okay, then.
You are too berserk!
You slice Snorg!!
You kill Snorg!
Trog accepts your kill.
You slash the spiny frog!
You kill the spiny frog!
Trog accepts your kill.
You slash the spiny frog!
The spiny frog is moderately wounded.
The spiny frog stings you!
You die...

..#... ≈P.
..... ≈≈..
....# .....
#...## .....
.....#
.....##....##
......#F†..P##
.......@.....#
...#...†.##..#
#.....#
#...<.#
.........#
...#....##
#.##..... ##
####.. #...


You could see a spiny frog.

Vanquished Creatures
  Rupert (Lair:4)
  Snorg (Lair:6)
  Fannar (Lair:3)
  2 hydras
  7 death yaks
  An unseen horror (D:10)
  3 elephants (Lair:4)
  Maurice (D:8)
  A torpor snail (Lair:5)
  The ghost of ryanpo the Skirmisher, a novice HOFi of Okawaru (D:4)
  2 black mambas
  5 spiny frogs
  2 rime drakes (Lair:4)
  2 komodo dragons (Lair:5)
  Prince Ribbit (D:9)
  4 jumping spiders (Lair:3)
  3 hippogriffs
  6 dream sheep
  9 blink frogs
  11 yaks
  A vampire (D:9)
  7 redbacks (Lair:3)
  4 wyverns
  Grum (D:9)
  A hungry ghost (D:7)
  2 basilisks (Lair:2)
  2 vampire mosquitoes (Lair:6)
  6 water moccasins
  3 porcupines
  3 orc warriors
  4 sky beasts
  A black bear (Lair:2)
  4 ice beasts
  A phantom (D:6)
  3 wolves (D:9)
  4 centaurs
  4 ogres
  7 crocodiles
  5 big kobolds (D:8)
  14 bullfrogs
  A wyvern skeleton (D:6)
  3 scorpions
  16 killer bees
  An electric eel (D:7)
  3 crimson imps
  A bullfrog zombie (D:6)
  3 quasits
  4 orc priests
  A bullfrog skeleton (D:9)
  3 hounds
  2 jellies
  3 hell rats (D:9)
  2 iguanas
  Natasha (thrice) (D:2)
  6 orc wizards
  8 worker ants
  A killer bee zombie (D:7)
  A worker ant zombie (D:5)
  A hound skeleton (D:7)
  8 adders
  7 gnolls
  5 shadow imps
  2 adder skeletons
  A worm (D:5)
  2 dart slugs
  6 leopard geckos
  36 orcs
  5 giant cockroaches
  4 hobgoblins
  6 jackals
  3 quokkas
  A ball python (D:3)
  8 bats
  4 frilled lizards
  8 goblins
  A jackal skeleton (D:8)
  18 kobolds
  A quokka skeleton (D:6)
  4 rats
  2 plants
336 creatures vanquished.

Vanquished Creatures (collateral kills)
  A spiny frog (Lair:5)
1 creature vanquished.

Vanquished Creatures (others)
  A fungus (Lair:3)
  A plant (Lair:5)
2 creatures vanquished.

Grand Total: 339 creatures vanquished

Notes
Turn   | Place    | Note
-------+----------+-------------------------------------------
     0 | D:1      | Fang the Gargoyle Berserker began the quest for the Orb.
     0 | D:1      | Reached XP level 1. HP: 14/14 MP: 1/1
   516 | D:1      | Reached XP level 2. HP: 19/19 MP: 2/2
  1266 | D:2      | Reached XP level 3. HP: 23/23 MP: 3/3
  1382 | D:2      | Found a radiant altar of Vehumet.
  1506 | D:2      | Found a burning altar of Makhleb.
  1605 | D:2      | Noticed Natasha
  1611 | D:2      | Killed Natasha
  1686 | D:2      | Reached ** piety under Trog
  1686 | D:2      | Reached XP level 4. HP: 29/29 MP: 4/4
  1885 | D:2      | Noticed Natasha
  1893 | D:2      | Killed Natasha
  1909 | D:2      | Noticed Natasha
  1918 | D:2      | Killed Natasha
  1987 | D:3      | Reached XP level 5. HP: 33/33 MP: 5/5
  2129 | D:3      | Reached XP level 6. HP: 39/39 MP: 6/6
  2293 | D:3      | Found a sparkling altar of Nemelex Xobeh.
  2505 | D:4      | Found a burning altar of Makhleb.
  2528 | D:4      | Got an ichor-stained war axe
  2529 | D:4      | Identified the +6 war axe "Gargoyle's Regret" {antimagic,
                  | MR+} (You found it on level 4 of the Dungeon)
  2575 | D:4      | You fall through a shaft for 2 floors!
  2597 | D:6      | Reached skill level 5 in Fighting
  2617 | D:6      | Noticed an orc warrior
  2620 | D:6      | Noticed a phantom
  2622 | D:6      | Reached XP level 7. HP: 44/44 MP: 2/7
  2752 | D:6      | Reached skill level 5 in Armour
  2919 | D:6      | Reached XP level 8. HP: 20/51 MP: 2/8
  2936 | D:6      | Reached *** piety under Trog
  3270 | D:5      | Entered Level 5 of the Dungeon
  3293 | D:5      | Reached skill level 5 in Axes
  3446 | D:5      | Found a staircase to the Ecumenical Temple.
  3457 | Temple   | Entered the Ecumenical Temple
  3640 | D:5      | Found a shattered altar of Ashenzari.
  3823 | D:5      | Found a shimmering altar of Xom.
  3824 | D:5      | Found a stormy altar of Qazlal.
  3832 | D:5      | Found a bloodstained altar of Trog.
  3833 | D:5      | Found a shadowy altar of Dithmenos.
  3833 | D:5      | Found an ancient bone altar of Kikubaaqudgha.
  3833 | D:5      | Found an opulent altar of Gozag.
  3838 | D:5      | Found a sacrificial altar of Ru.
  4067 | D:4      | Found a glowing golden altar of the Shining One.
  4098 | D:4      | Found a transporter.
  4098 | D:4      | Noticed ryanpo's ghost (novice HOFi)
  4099 | D:4      | Identified the +2 dire flail of Death's Door {crush, rC+
                  | Int+3}
  4101 | D:4      | Found a transporter.
  4543 | D:4      | Killed ryanpo's ghost
  4543 | D:4      | Reached XP level 9. HP: 56/56 MP: 3/9
  4799 | D:7      | Reached skill level 5 in Dodging
  5090 | D:7      | Reached **** piety under Trog
  6362 | D:8      | Reached XP level 10. HP: 37/64 MP: 3/10
  7005 | D:8      | Found a shimmering altar of Xom.
  7378 | D:8      | Noticed a three-headed hydra
  7388 | D:8      | Killed a one-headed hydra
  7523 | D:8      | Noticed Maurice
  7540 | D:8      | Killed Maurice
  7540 | D:8      | Reached ***** piety under Trog
  7633 | D:8      | Found an iron altar of Okawaru.
  7808 | D:9      | Noticed Prince Ribbit
  7812 | D:9      | Killed Prince Ribbit
  7829 | D:9      | Got a crude ring mail
  7840 | D:9      | Identified the +4 ring mail of the Wumpus {rF- Dex+3
                  | Stlth+} (You found it on level 9 of the Dungeon)
  7864 | D:9      | Found a burning altar of Makhleb.
  7872 | D:9      | Noticed a death yak
  7872 | D:9      | Noticed a death yak
  7877 | D:9      | Noticed a death yak
  7883 | D:9      | Reached XP level 11. HP: 71/71 MP: 3/11
  7889 | D:9      | Killed a death yak
  7894 | D:9      | Killed a death yak
  7900 | D:9      | Killed a death yak
  7900 | D:9      | Reached skill level 10 in Fighting
  7927 | D:9      | Found a staircase to the Lair.
  8077 | D:9      | Noticed Grum
  8092 | D:9      | Killed Grum
  8133 | D:9      | Found a staircase to the Orcish Mines.
  8152 | D:9      | Found a roughly hewn altar of Beogh.
  8160 | D:9      | Reached skill level 10 in Armour
  8497 | D:9      | Found an ornate altar of the Wu Jian Council.
  8832 | D:10     | Entered Level 10 of the Dungeon
  8927 | D:10     | Found Vimuw's Book Boutique.
  9043 | D:10     | Killed an unseen horror
  9461 | Lair:1   | Entered Level 1 of the Lair of Beasts
  9559 | Lair:1   | Found a runed translucent gate.
  9559 | Lair:1   | Found a runed translucent gate.
  9560 | Lair:1   | Found a runed translucent gate.
  9564 | Lair:1   | Noticed a spectral death yak
  9567 | Lair:1   | Noticed karlwayne's ghost (journeyman MiGl)
 10596 | Lair:2   | Identified a scroll of acquirement
 10612 | Lair:2   | Noticed an oklob plant
 10810 | Lair:2   | Found a staircase to the Swamp.
 10909 | Lair:2   | Received a gift from Trog
 11326 | Lair:3   | Reached XP level 12. HP: 79/79 MP: 4/12
 11413 | Lair:3   | Found a hole to the Spider Nest.
 11716 | Lair:3   | Noticed Fannar
 11742 | Lair:3   | Killed Fannar
 12817 | Lair:4   | Got a faintly glowing chain mail
 12828 | Lair:4   | Identified the cursed +1 chain mail of a ziggurat {rF+}
                  | (You found it on level 4 of the Lair of Beasts)
 13122 | Lair:4   | Noticed Rupert
 13142 | Lair:4   | Killed Rupert
 13142 | Lair:4   | Reached skill level 10 in Axes
 13660 | Lair:5   | Noticed a four-headed hydra
 13670 | Lair:5   | Killed a one-headed hydra
 13703 | Lair:5   | Noticed a death yak
 13704 | Lair:5   | Noticed a death yak
 13706 | Lair:5   | Noticed a death yak
 13707 | Lair:5   | Noticed a death yak
 13712 | Lair:5   | Reached XP level 13. HP: 71/86 MP: 7/13
 13983 | Lair:5   | Found a staircase to the Slime Pits.
 13983 | Lair:5   | Found a viscous altar of Jiyva.
 15203 | Lair:6   | Entered Level 6 of the Lair of Beasts
 15203 | Lair:6   | Noticed Snorg
 15220 | Lair:6   | HP: 6/130 [Snorg (10)]
 15222 | Lair:6   | Killed Snorg
 15223 | Lair:6   | Slain by a spiny frog

Skill      XL: |  1  2  3  4  5  6  7  8  9 10 11 12 13 |
---------------+----------------------------------------+-----
Axes           | 3 4 5 6 8 9 10 | 10.8
Dodging        | 2 3 4 5 7 8 9 |  9.8
Fighting       | 4 5 6 8 9 10 12 | 12.6
Armour         | 3 4 5 6 7 9 10 11 12 | 12.4

Action                   |  1- 3 |  4- 6 |  7- 9 | 10-12 | 13-15 || total
-------------------------+-------+-------+-------+-------+-------++-------
Melee: Hand axe          |   107 |    71 |       |    28 |    56 ||   262
       War axe           |       |    10 |   270 |   590 |    48 ||   918
Invok: Berserk           |       |     1 |     1 |     5 |     3 ||    10
       Trog's Hand       |       |       |       |     2 |       ||     2
       Brothers in Arms  |       |       |       |     1 |     1 ||     2
  Use: Scroll            |       |       |    13 |    16 |     2 ||    31
 Stab: Distracted        |       |       |       |     1 |       ||     1
  Eat: Chunk             |     3 |     3 |    10 |    25 |     7 ||    48
       Ration            |       |       |     1 |     2 |       ||     3
Armor: Animal skin       |     6 |       |       |       |       ||     6
       Chain mail        |    60 |    91 |    13 |    36 |    69 ||   269
       Plate armour      |       |       |   189 |   528 |     4 ||   721
Dodge: Dodged            |    48 |    53 |   166 |   382 |   105 ||   754
